 Dungeon Crawl Stone Soup version 0.18-a0-1737-gd6c99dd (webtiles) character file.

20650 Oooooo the Cleaver (level 12, 0/112 HPs)
             Began as a Minotaur Fighter on Apr 11, 2016.
             Was a High Priest of Okawaru.
             Slain by a six-headed hydra (7 damage)
             ... on level 3 of the Lair of Beasts.
             The game lasted 00:46:33 (15507 turns).

Oooooo the Cleaver (Minotaur Fighter)              Turns: 15507, Time: 00:46:34

Health: 0/112      AC: 20    Str: 26    XL:     12   Next: 47%
Magic:  17/17      EV:  9    Int:  5    God:    Okawaru [*****.]
Gold:   565        SH: 13    Dex: 10    Spells: 1 memorised, 18 levels left

rFire  . . .     SeeInvis +     I - +0 whip (flame)
rCold  . . .     Gourm    .     A - +1 plate armour
rNeg   . . .     Faith    .     c - +1 shield
rPois  .         Spirit   .     j - +2 hat {MR+}
rElec  .         Dismiss  .     Y - +1 cloak {MR+}
rCorr  .         Reflect  .     (no gloves)
SustAt .         Harm     .     p - +0 pair of boots
MR     ++...                    N - amulet of regeneration
Stlth  ..........               s - ring of see invisible
                                U - ring of flight

@: lethally poisoned (0 -> -1), very resistant to hostile enchantments,
extremely unstealthy
A: retaliatory headbutt, horns 2
a: Heroism, Finesse, Renounce Religion, Evoke Flight


You were on level 3 of the Lair of Beasts.
You worshipped Okawaru.
Okawaru was extremely pleased with you.
You were not hungry.

You visited 3 branches of the dungeon, and saw 14 of its levels.
You also visited: Ossuary.

You collected 768 gold pieces.
You spent 203 gold pieces at shops.

Inventory:

Hand Weapons
 u - a +0 war axe of draining
 I - a +0 whip of flaming (weapon)
Armour
 c - a +1 shield (worn)
 j - a +2 hat of magic resistance (worn)
 p - a +0 pair of boots (worn)
 A - a +1 plate armour (worn)
 Y - a +1 cloak of magic resistance (worn)
Rods
 S - a +0 lightning rod (9/9)
   (You found it on level 10 of the Dungeon)
Jewellery
 s - a ring of see invisible (right hand)
 N - an amulet of regeneration (around neck)
 Q - an uncursed ring of ice
 U - a ring of flight (left hand)
Wands
 r - a wand of paralysis (5/24)
 y - a wand of digging (1/24)
 B - a wand of heal wounds (3/9)
 C - a wand of iceblast (13/15)
 V - a wand of lightning (12/15)
Scrolls
 e - 7 scrolls of recharging
 h - 5 scrolls of remove curse
 i - 2 scrolls of fear
 k - a scroll of fog
 t - 3 scrolls of teleportation
 E - 3 scrolls of blinking
 K - a scroll of magic mapping
 L - 3 scrolls of identify
Potions
 a - a potion of might
 g - a potion of lignification {unknown}
 n - 10 potions of curing
 z - 2 potions of magic
 D - a potion of mutation
 G - 2 potions of invisibility
 R - a potion of heal wounds
 T - 3 potions of flight
Comestibles
 b - 4 royal jellies
 d - 15 chunks of flesh
 f - 11 bread rations
 o - 4 meat rations
 O - 3 slices of pizza
 X - 25 fruits


   Skills:
 * Level 11.9 Fighting
 * Level 12.3 Axes
 + Level 9.0 Armour
 + Level 7.9 Dodging
 + Level 9.3 Shields
 + Level 4.5 Spellcasting
 - Level 5.0 Invocations
 - Level 4.0 Evocations


You had 18 spell levels left.
You knew the following spells:

 Your Spells              Type           Power        Failure   Level  Hunger
a - Repel Missiles        Chrm/Air       #.....       100%        2    ###....


Dungeon Overview and Level Annotations

Branches:
Dungeon (10/15)            Temple (1/1) D:4            Lair (3/8) D:10
 Spider (0/4) Lair:3
  Swamp: Lair:3-6    Shoals: Lair:3-6       Orc: D:9-12

Altars:
Ashenzari
Cheibriados
Dithmenos
Elyvilon
Fedhas
Gozag
Kikubaaqudgha
Makhleb
Nemelex Xobeh
Okawaru
Pakellas
Qazlal
Ru
Sif Muna
Trog
Vehumet
Xom
Yredelemnul
Zin
The Shining One

Shops:
D:4 !:%*(   D:7 [*   D:9 ?

Annotations:
D:5 Leibowitz's ghost, novice MfGl


Innate Abilities, Weirdness & Mutations

You reflexively headbutt those who attack you in melee.
You have a pair of horns on your head.


Message History

The jumping spider bites you but does no damage.
You block the six-headed hydra's attack. x2
The six-headed hydra bites you but does no damage.
You block the six-headed hydra's attack.
The six-headed hydra bites you but does no damage.
The six-headed hydra barely misses you. The jumping spider barely misses you.
The jumping spider bites you but does no damage.
You hit the six-headed hydra. You burn the six-headed hydra.
The six-headed hydra is almost dead.
You feel sick. The jumping spider pounces on you.
* * * LOW HITPOINT WARNING * * *
You block the jumping spider's attack.
You hit the six-headed hydra. You burn the six-headed hydra.
The six-headed hydra is almost dead.
You block the six-headed hydra's attack. x2
The six-headed hydra bites you but does no damage.
The six-headed hydra bites you!
* * * LOW HITPOINT WARNING * * *
The six-headed hydra bites you!
You die...

..≈≈.≈.≈.≈≈# ##..#.....
..≈≈≈...≈≈≈# ######...
......>....# #...
..≈≈≈...≈≈≈## #...
..≈≈.≈.≈.≈≈≈# ######...
..≈.≈≈.≈≈.≈.####..##....
...≈≈≈.≈≈≈..............
...P........)...........
...#...@s...............
#....D...........P.#..
............$........#..
....._........#.........
..........#.#........#..
...$.....#....#P..###...
...PP....#..P...........
...P..P?....P.#######...
..(.#..#....## #...


You could see a six-headed hydra and a jumping spider.

Vanquished Creatures
  Gastronok (D:8)
  2 hydras
  Fannar (D:10)
  Erolcha (D:8)
  Pikel (D:8)
  The ghost of Mandevil the Chucker, a novice FoAM (D:7)
  Maurice (D:8)
  5 spiny frogs
  3 komodo dragons
  A rime drake (Lair:1)
  A jumping spider (Lair:3)
  A two-headed ogre (D:8)
  10 blink frogs (Lair:1)
  5 slime creatures (D:9)
  2 redbacks (Lair:3)
  The ghost of namelastname112 the Skirmisher, an amateur HOMo (D:4)
  11 yaks
  3 hippogriffs
  Grum (Lair:1)
  2 hell hounds (D:10)
  Duvessa (D:7)
  2 porcupines
  7 water moccasins
  A sky beast (D:4)
  3 black bears
  3 ice beasts
  A phantom (D:6)
  2 slaves (D:8)
  3 ogres
  7 wolves (Lair:1)
  3 crocodiles
  2 big kobolds
  An elf zombie (D:8)
  3 elf skeletons (D:8)
  4 giant frogs
  8 scorpions (Ossuary)
  Dowan (D:7)
  17 killer bees
  A troll skeleton (D:9)
  2 spriggan skeletons (D:9)
  An electric eel (Lair:1)
  2 howler monkeys
  6 crimson imps
  3 centaur zombies
  A hound (D:10)
  A giant frog zombie (D:5)
  2 jellies (D:9)
  7 human zombies
  5 centaur skeletons
  6 orc priests
  4 human skeletons (D:8)
  2 giant frog skeletons
  3 iguanas
  6 orc wizards
  5 worker ants
  4 sheep (Lair:1)
  2 big kobold zombies (Ossuary)
  2 hound skeletons
  3 mummies (Ossuary)
  A worker ant zombie (D:10)
  7 adders
  7 river rats (Lair:1)
  4 scorpion zombies (Ossuary)
  2 shadow imps
  3 oozes (D:1)
  An adder skeleton (D:9)
  An adder zombie (D:8)
  3 worms
  A dart slug (D:1)
  4 giant geckos
  36 orcs
  4 bats
  7 giant cockroaches
  A gnoll zombie (Ossuary)
  10 goblins
  6 hobgoblins
  14 jackals
  21 kobolds
  3 quokkas
  3 ball pythons
  6 giant newts
  3 goblin zombies (Ossuary)
  A jackal skeleton (D:5)
  A kobold zombie (Ossuary)
  An orc skeleton (D:8)
  3 orc zombies (Ossuary)
  6 rats
351 creatures vanquished.

Vanquished Creatures (collateral kills)
  A sheep (Lair:1)
1 creature vanquished.

Vanquished Creatures (others)
  A fungus (Lair:3)
1 creature vanquished.

Grand Total: 353 creatures vanquished

Notes
Turn   | Place    | Note
--------------------------------------------------------------
     0 | D:1      | Oooooo the Minotaur Fighter began the quest for the Orb.
     0 | D:1      | Reached XP level 1. HP: 19/19 MP: 0/0
     1 | D:1      | Found a runed door.
   353 | D:1      | Reached XP level 2. HP: 27/27 MP: 1/1
   705 | D:1      | Reached skill level 3 in Axes
   705 | D:1      | Reached XP level 3. HP: 33/33 MP: 2/2
   718 | D:1      | Reached skill level 1 in Dodging
   813 | D:2      | Reached XP level 4. HP: 40/40 MP: 3/3
   976 | D:2      | Found a faded altar to an unknown god.
  1429 | D:2      | Found a radiant altar of Vehumet.
  1664 | D:3      | Found a bloodstained altar of Trog.
  2438 | D:4      | Found Usepu's Book Shoppe.
  2444 | D:4      | Reached skill level 1 in Spellcasting
  2475 | D:4      | Reached XP level 5. HP: 45/47 MP: 5/5
  2564 | D:4      | Found Resoxab's Distillery.
  2570 | D:4      | Bought a potion of heal wounds for 70 gold pieces
  2626 | D:4      | Found a staircase to the Ecumenical Temple.
  2633 | D:4      | Noticed a sky beast
  2637 | Temple   | Entered the Ecumenical Temple
  2729 | D:4      | Killed a sky beast
  2729 | D:4      | Reached skill level 4 in Axes
  2911 | D:4      | Found Gobluq's General Store.
  2929 | D:4      | Reached skill level 5 in Fighting
  3031 | D:4      | Reached XP level 6. HP: 55/56 MP: 6/6
  3059 | D:4      | Reached skill level 1 in Evocations
  3153 | D:4      | Noticed namelastname112's ghost (amateur HOMo)
  3170 | D:4      | Killed namelastname112's ghost
  3197 | D:4      | Found Vopi's Weapon Shop.
  3342 | D:4      | Found Utzas's Food Boutique.
  3601 | D:5      | Entered Level 5 of the Dungeon
  3601 | D:5      | Noticed Leibowitz's ghost (novice MfGl)
  4028 | D:5      | Reached XP level 7. HP: 61/61 MP: 8/8
  4033 | D:5      | Reached skill level 5 in Axes
  4063 | D:5      | Reached skill level 5 in Shields
  5969 | D:5      | Found a sparkling altar of Nemelex Xobeh.
  6170 | D:6      | Reached skill level 5 in Armour
  6221 | D:6      | Reached XP level 8. HP: 69/71 MP: 9/9
  6444 | D:6      | Found an iron altar of Okawaru.
  6452 | D:6      | Became a worshipper of Warmaster Okawaru
  6537 | D:6      | Reached skill level 6 in Axes
  6974 | D:7      | Found a white marble altar of Elyvilon.
  6974 | D:7      | Found a snail-covered altar of Cheibriados.
  6974 | D:7      | Found an opulent altar of Gozag.
  7087 | D:7      | Noticed Duvessa
  7088 | D:7      | Noticed Dowan
  7089 | D:7      | Noticed Mandevil's ghost (novice FoAM)
  7100 | D:7      | Killed Dowan
  7104 | D:7      | Killed Duvessa
  7135 | D:6      | Reached * piety under Okawaru
  7396 | D:7      | Killed Mandevil's ghost
  7396 | D:7      | Reached skill level 7 in Axes
  7396 | D:7      | Reached XP level 9. HP: 47/79 MP: 11/11
  7735 | D:7      | Found Ohokyihe's Armour Boutique.
  7812 | D:7      | Found Veluthry's Elemental Accessories.
  7888 | D:7      | Found a glowing golden altar of the Shining One.
  8122 | D:8      | Found a sand-covered staircase.
  8136 | Ossuary  | Entered an ossuary
  8187 | Ossuary  | Reached ** piety under Okawaru
  8187 | Ossuary  | Reached skill level 8 in Axes
  8348 | Ossuary  | Reached skill level 5 in Dodging
  8942 | D:8      | Noticed Erolcha
  8956 | D:8      | Killed Erolcha
  8956 | D:8      | Reached skill level 9 in Axes
  8956 | D:8      | Reached skill level 1 in Invocations
  8956 | D:8      | Reached XP level 10. HP: 31/90 MP: 11/13
  8975 | D:8      | Noticed Maurice
  8995 | D:8      | Killed Maurice
  8995 | D:8      | Reached *** piety under Okawaru
  9276 | D:8      | Learned a level 2 spell: Repel Missiles
  9516 | D:8      | Noticed Gastronok
  9549 | D:8      | Killed Gastronok
  9549 | D:8      | Reached **** piety under Okawaru
  9613 | D:8      | Noticed Pikel
  9626 | D:8      | Killed Pikel
  9626 | D:8      | Reached skill level 10 in Axes
  9711 | D:9      | Reached skill level 10 in Fighting
  9718 | D:9      | Found Yfruocw's Magic Scroll Shop.
  9730 | D:9      | Bought a scroll of magic mapping for 49 gold pieces
  9730 | D:9      | Bought 3 scrolls of identify for 84 gold pieces
 10087 | D:9      | Reached ***** piety under Okawaru
 10090 | D:9      | Reached XP level 11. HP: 66/99 MP: 15/15
 10446 | D:9      | Found an ancient bone altar of Kikubaaqudgha.
 11391 | D:10     | Entered Level 10 of the Dungeon
 11435 | D:10     | Noticed Fannar
 11455 | D:10     | Killed Fannar
 12188 | D:10     | Found a staircase to the Lair.
 12469 | Lair:1   | Entered Level 1 of the Lair of Beasts
 12471 | Lair:1   | Noticed Grum
 12480 | Lair:1   | Reached skill level 11 in Axes
 12500 | Lair:1   | Killed Grum
 12899 | Lair:1   | Received a gift from Okawaru
 13684 | Lair:1   | Noticed a six-headed hydra
 13696 | Lair:1   | Killed a six-headed hydra
 13870 | Lair:1   | Reached XP level 12. HP: 98/110 MP: 17/17
 14657 | Lair:2   | Reached skill level 12 in Axes
 15091 | Lair:3   | Noticed an eight-headed hydra
 15110 | Lair:2   | Killed an eight-headed hydra
 15453 | Lair:3   | Found a basalt altar of Yredelemnul.
 15453 | Lair:3   | Found a hole to the Spider Nest.
 15474 | Lair:3   | Reached skill level 5 in Invocations
 15485 | Lair:3   | Noticed a five-headed hydra
 15507 | Lair:3   | Slain by a six-headed hydra

Vault maps used:
D:1:      dpeg_arrival_caged_fury
D:2:      lemuel_round_altar, ecumenical_altar_2
D:3:      lemuel_doored_altar, serial_forest, infiniplex_forest_straight_2,
          infiniplex_forest_corner_1, infiniplex_forest_zigzag_2,
          infiniplex_forest_clump_long, infiniplex_forest_end_3,
          infiniplex_forest_straight_4, infiniplex_forest_end_3,
          infiniplex_forest_clump_C
D:4:      minmay_temple_entry_glass, serial_shops, shop, shop,
          nicolae_shop_crystal, shop_statue, shop, first_bread
D:5:      basic_altar
D:6:      okawaru_ov_weapons_minmay
D:7:      tso_oasis_becter, gammafunk_temple_overflow_claw, serial_shops,
          nicolae_shop_statue_plus, nicolae_elemental_shop, uniq_duvessa
D:8:      nicolae_ossuary_entry_catacombs, uniq_maurice, uniq_gastronok,
          uniq_pikel, uniq_erolcha
D:9:      basic_altar, serial_shops, shop_scrolls, hangedman_tell_no_tales
D:10:     minmay_lair_entry_lava, fountainhead, minmay_tree_intersection,
          stair_cage_line, uniq_fannar
Temple:   circular_temple_13
Lair:1:   grunt_forest_large_clearings, serial_bayou_shore_b, lemuel_fruit_tree,
          grunt_megastairs_2, serial_bayou_shore_a, uniq_grum
Lair:2:   grunt_megastairs_5
Lair:3:   spider_nest_entry_a, basic_altar, wad_woods_antlair
Ossuary:  ossuary_minmay_scorpions

Skill      XL: |  1  2  3  4  5  6  7  8  9 10 11 12 |
---------------+-------------------------------------+-----
Fighting       | 4 5 6 7 8 10 11 | 11.9
Axes           | 3 4 5 7 9 10 11 12 | 12.3
Dodging        | 1 2 3 4 5 6 7 |  7.9
Shields        | 4 5 6 7 8 9 |  9.3
Armour         | 4 5 6 7 8 9 |  9.0
Spellcasting   | 1 2 3 4 |  4.5
Evocations     | 1 2 3 4 |  4.0
Invocations    | 1 2 4 5 |  5.0

Action                   |  1- 3 |  4- 6 |  7- 9 | 10-12 || total
-------------------------+-------+-------+-------+-------++-------
Melee: War axe           |    87 |   161 |   395 |   600 ||  1243
       Whip              |       |       |       |    50 ||    50
Invok: Heroism           |       |       |     1 |     2 ||     3
Evoke: Wand              |       |       |       |     6 ||     6
  Use: Potion            |     1 |     3 |     2 |     4 ||    10
       Scroll            |       |    15 |     8 |    10 ||    33
  Eat: Chunk             |       |     9 |     2 |    15 ||    26
       Fruit             |       |     3 |       |     3 ||     6
       Beef jerky        |       |       |     1 |     3 ||     4
       Royal jelly       |       |       |     1 |       ||     1
       Bread ration      |       |       |     2 |       ||     2
       Pizza             |       |       |     1 |       ||     1
